 Dungeon Crawl Stone Soup version 0.30-b1-2-g02819fbbbe (webtiles) character file.

Game seed: 7495315919416184017

406 raph the Conjurer (level 6, -3/32 HPs)
             Began as a Deep Elf Conjurer on May 12, 2023.
             Was an Initiate of Gozag.
             Slain by a sleepcap (6 damage)
             ... on level 4 of the Dungeon.
             The game lasted 00:06:45 (5009 turns).

raph the Conjurer (Deep Elf Conjurer)               Turns: 5009, Time: 00:06:45

Health: -3/32      AC:  2    Str:  4    XL:     6   Next: 56%
Magic:  12/15      EV: 17    Int: 25    God:    Gozag
Gold:   177        SH:  0    Dex: 13    Spells: 0/14 levels left

rFire   . . .        a - +0 rapier (vamp)
rCold   . . .        (no shield)
rNeg    . . .        t - +0 robe
rPois   .            (no helmet)
rElec   .            (no cloak)
rCorr   .            (no gloves)
SInv    .            (no boots)
Will    .....        (no amulet)
Stlth   ++           s - +5 ring of evasion
HPRegen 0.25/turn    (no ring)
MPRegen 0.14/turn

%: no passive effects
@: gold aura
A: no striking features
a: Renounce Religion, Potion Petition, Call Merchant, Bribe Branch


You were on level 4 of the Dungeon.
You worshipped Gozag.
Gozag was aware of your devotion.
You visited 2 branches of the dungeon, and saw 5 of its levels.

You collected 221 gold pieces.
You paid 44 gold pieces to Gozag.

Inventory:

Hand Weapons
 a - a +0 vampiric rapier (weapon)
 d - a +0 dagger
Missiles
 m - 8 poisoned darts
Armour
 t - a +0 robe (worn)
Jewellery
 s - a +5 ring of evasion (left hand)
Scrolls
 g - a scroll of teleportation
 k - 3 scrolls of magic mapping
 q - 3 scrolls of vulnerability
Potions
 b - a potion of magic
 e - 2 potions of degeneration {unknown}
 f - 2 potions of attraction
 h - 3 potions of flight
 i - a potion of haste {unknown}
 l - a potion of ambrosia {unknown}
 n - a potion of cancellation {unknown}
 o - 2 potions of curing
 p - 2 potions of heal wounds
 r - a potion of lignification {unknown}


   Skills:
 - Level 2.4 Dodging
 - Level 2.4 Stealth
 + Level 4.8 Spellcasting
 * Level 7.3 Conjurations
 - Level 3.5 Hexes
 + Level 0.8 Translocations


You couldn't memorise any spells.
You knew the following spells:

 Your Spells              Type           Power      Damage    Failure   Level
a - Magic Dart            Conj           100%       1d8       1%          1
b - Searing Ray           Conj           84%        2d7       1%          2
c - Dazzling Flash        Conj/Hex       66%        N/A       2%          3
d - Fulminant Prism       Conj/Hex       16%        3d10      9%          4
e - Iskenderun's Mystic   Conj/Tloc      26%        2d7       16%         4

Your spell library contained the following spells:

 Spells                   Type           Power      Damage    Failure   Level
 Blink                    Tloc           20%        N/A       9%          2
 Leda's Liquefaction      Hex/Erth       7%         N/A       36%         4
 Manifold Assault         Tloc           10%        N/A       52%         4
 Petrify                  Tmut/Erth      6%         N/A       63%         4
 Storm Form               Tmut/Air       3%         N/A       100%        7


Dungeon Overview and Level Annotations

Branches:
Dungeon (4/15)             Temple (1/1) D:4

Altars:
Ashenzari
Cheibriados
Dithmenos
Elyvilon
Fedhas
Gozag
Hepliaklqana
Kikubaaqudgha
Makhleb
Nemelex Xobeh
Okawaru
Qazlal
Ru
Sif Muna
Trog
Uskayaw
Vehumet
Wu Jian
Xom
Yredelemnul
Zin
The Shining One


Message History

Aiming: Fulminant Prism (quite dangerous; 9% risk of failure)
Press: ? - help, Dir - move target Out of range.
Okay, then.
Casting: Fulminant Prism (quite dangerous; 9% risk of failure)
Confirm with . or Enter, or press ? or * to list all spells.
Aiming: Fulminant Prism (quite dangerous; 9% risk of failure)
Press: ? - help, Dir - move target Out of range.
Okay, then.
Casting: Fulminant Prism (quite dangerous; 9% risk of failure)
Confirm with . or Enter, or press ? or * to list all spells.
Aiming: Searing Ray (safe; 1% risk of failure)
Press: ? - help, Shift-Dir - straight line, f - orc priest
Aim: an orc priest, wielding a +0 flail and wearing a +1 leather armour of fire resistance (82% to hit)
The searing ray hits the sleepcap!
The sleepcap is moderately damaged.
The searing ray hits the orc priest!
The orc priest is severely wounded. (Press . to maintain the ray.)
The orc priest mumbles some strange prayers to Beogh against you.
Beogh smites you!
The searing ray hits the sleepcap!
The sleepcap is severely damaged.
The searing ray hits the orc priest.
You kill the orc priest!
The sleepcap releases spores at you.
You are engulfed in a cloud of soporific spores!
You fall asleep.
The sleepcap releases spores at you!
You wake up.
* * * LOW HITPOINT WARNING * * *
You are engulfed in a cloud of soporific spores!
You are unaffected.
The sleepcap releases spores at you.
* * * LOW HITPOINT WARNING * * *
You are engulfed in a cloud of soporific spores!
You are unaffected.
The sleepcap attacks as you move away! The sleepcap releases spores at you.
You die...
Your body crumbles into a pile of gold.

**,*,*,** #.##.###.# ##.#
*,**,,,,* #.##.# #.# #>#
**,***,** #....###.# #..
******,*,,* #........# ##'#
**,,,,,,,,,* ##.#########...
**,*******,* #.## ##.... ,*,*
**,#*,** #..## ##.....
,,,***,,....########...####......
,,,,,,,,....$..f@.........+......
,,,***,,oo(.########...####......
,*,* *,,#*,** #..## ##.....
**,***,***,* #..# ##....
**,,,,,,,,,* ##.# ##...
*****,***** #.# ##'# *,* #.# #.#
*.# #.# ###.# ****##.# #.# #....


You could see a sleepcap and an orc (wandering).

Vanquished Creatures
  2 jellies
  An orc priest (D:4)
  2 hounds (D:4)
  An iguana (D:2)
  Terence (D:2)
  2 orc wizards (D:3)
  3 adders (D:2)
  3 worms (D:3)
  3 dart slugs
  9 orcs (D:3)
  9 ball pythons
  16 endoplasms
  4 giant cockroaches
  10 goblins
  6 hobgoblins
  6 jackals
  4 quokkas
  8 bats
  3 frilled lizards
  6 kobolds
  5 rats
104 creatures vanquished.

Vanquished Creatures (others)
  5 fulminant prisms (D:3)
5 creatures vanquished.

Grand Total: 109 creatures vanquished

Notes
Turn   | Place    | Note
-------+----------+-------------------------------------------
     0 | D:1      | raph the Deep Elf Conjurer began the quest for the Orb.
     0 | D:1      | Reached XP level 1. HP: 10/10 MP: 6/6
   189 | D:1      | Reached XP level 2. HP: 6/15 MP: 1/8
   253 | D:1      | Learned a level 2 spell: Searing Ray
   274 | D:1      | Reached skill level 5 in Conjurations
   715 | D:1      | Reached XP level 3. HP: 19/19 MP: 2/9
   719 | D:1      | Learned a level 3 spell: Dazzling Flash
   822 | D:1      | Got Sif Muna's Octavo of Cleavage
  1403 | D:2      | Reached skill level 1 in Hexes
  1403 | D:2      | Reached XP level 4. HP: 22/24 MP: 4/11
  1841 | D:2      | Reached skill level 6 in Conjurations
  2290 | D:2      | Noticed Terence
  2294 | D:2      | Killed Terence
  2380 | D:3      | Learned a level 4 spell: Fulminant Prism
  2388 | D:3      | Reached XP level 5. HP: 28/28 MP: 8/13
  2639 | D:3      | Found an ornate altar of the Wu Jian Council.
  3734 | D:3      | Reached XP level 6. HP: 32/32 MP: 9/14
  3821 | D:4      | Reached skill level 7 in Conjurations
  4109 | D:4      | Found a staircase to the Ecumenical Temple.
  4120 | Temple   | Entered the Ecumenical Temple
  4377 | Temple   | Became a worshipper of Gozag Ym Sagoz the Greedy
  4417 | D:4      | Learned a level 4 spell: Iskenderun's Mystic Blast
  5009 | D:4      | Slain by a sleepcap

Illustrated notes

Levels and vault maps discovered:
D:1:      dreamdust_arrival_sigmund_warning, layout_basic
D:2:      layout_basic, supply_closet_lemuel, uniq_terence
D:3:      layout_rooms, mainiacjoe_overflow_alcove_4, serial_glass,
          glass_columns_b, glass_columns_b, feat_on_display,
          minmay_strange_pillars, dreamdust_wishing_well, minmay_cupped
D:4:      layout_loops_corners, minmay_temple_entry_mini_moons
Temple:   nicolae_temple_the_god_donut

Skill      XL: |  1  2  3  4  5  6 |
---------------+-------------------+-----
Conjurations   | 5 6 7 |  7.3
Hexes          | 1 2 3 |  3.5
Spellcasting   | 4 |  4.8
Dodging        | |  2.4
Stealth        | |  2.4
Translocations | |  0.8

Action                     |  1- 3 |  4- 6 || total
---------------------------+-------+-------++-------
  Melee: Dagger            |     3 |    11 ||    14
         Rapier            |       |     5 ||     5
   Cast: Magic Dart        |    13 |     9 ||    22
         Searing Ray       |    21 |    45 ||    66
         Fulminant Prism   |       |     5 ||     5
         Dazzling Flash    |       |     1 ||     1
    Use: Scroll            |       |    10 ||    10
 Armour: Robe              |     4 |     3 ||     7
  Dodge: Dodged            |     7 |    33 ||    40
